 Dungeon Crawl Stone Soup version 0.15-a0-225-ga4013df (webtiles) character file.

543 MrRokkomies the Vexing (level 6, -4/28 HPs)
             Began as a Vine Stalker Enchanter on Apr 25, 2014.
             Killed from afar by an orc wizard (8 damage)
             ... with a magic dart
             ... on Level 5 of the Dungeon.
             The game lasted 00:14:35 (3626 turns).

MrRokkomies the Vexing (Vine Stalker Enchanter)     Turns: 3626, Time: 00:14:36

HP  -4/28        AC  4     Str 10      XL: 6   Next: 79%
MP   0/12        EV 17     Int 21      God:
Gold 155         SH  0     Dex 20      Spells:  4 memorised,  0 levels left

rFire  . . .     SeeInvis .     a - +2 dagger
rCold  . . .     Clarity  .     b - +2 robe
rNeg   . . .     Conserve .     (no shield)
rPois  .         rCorr    .     (no helmet)
rElec  .         rRot     +     (no cloak)
SustAb . .       Spirit   +     (no gloves)
rMut   .         Warding  .     (no boots)
Saprov . . .     Stasis   .     (no amulet)
MR     .....                    (no ring)
                                s - +4 ring of intelligence

@: about to teleport, confused, agile, not resistant to hostile enchantments,
stealthy
A: fangs 2, regeneration 2, magic shield, antimagic bite, no device heal
a: no special abilities


You were on level 5 of the Dungeon.
You were hungry.

You visited 1 branch of the dungeon, and saw 5 of its levels.

You collected 155 gold pieces.

Inventory:

Hand weapons
 a - a +2,+2 dagger (weapon)
 l - a +0,+0 spear of dragon slaying
 p - a +0,+0 sling
Missiles
 d - 7 darts (quivered)
 h - 18 steel sling bullets
 i - 7 curare-tipped needles
 q - 31 sling bullets
 B - 22 arrows of dispersal
Armour
 b - a +2 robe (worn)
Magical devices
 r - a wand of confusion (0)
Comestibles
 f - 3 bread rations
 m - a pear
 o - 3 meat rations
Scrolls
 k - a scroll of teleportation
 x - a scroll of enchant weapon I
 y - a scroll of immolation
 D - 3 scrolls of remove curse
Jewellery
 s - a +4 ring of intelligence (left hand)
Potions
 e - a potion of magic
 g - a potion of restore abilities
 j - a potion of agility
 t - 3 potions of curing
 u - a potion of haste {unknown}
Books
 c - a book of Maledictions

   Spells                             Type                      Level
   *Corona                            Hexes                        1
   Sure Blade                         Hexes/Charms                 2
   *Ensorcelled Hibernation           Hexes/Ice                    2
   *Confuse                           Hexes                        3
   *Dazzling Spray                    Conjuration/Hexes            3
   Enslavement                        Hexes                        4
Magical staves
 n - an uncursed staff of wizardry


   Skills:
 * Level 4.0 Short Blades
 - Level 0.8 Throwing
 - Level 1.5 Dodging
 * Level 4.6 Stealth
 - Level 2.1 Spellcasting
 - Level 5.0 Hexes


You couldn't memorise any spells.
You knew the following spells:

 Your Spells              Type           Power        Failure   Level  Hunger
a - Corona                Hex            ###....      1%          1    #......
b - Ensorcelled Hibernat  Hex/Ice        ##....       10%         2    ##.....
c - Confuse               Hex            ###.....     6%          3    ###....
d - Dazzling Spray        Conj/Hex       ##......     17%         3    ###....


Dungeon Overview and Level Annotations

Branches:
Dungeon (5/15)
 Temple: D:4-7

Altars:
The Shining One


Innate Abilities, Weirdness & Mutations

You are immune to rotting.
You have extremely sharp teeth.
You heal very quickly.
When hurt, damage is shared between your health and your magic reserves.
Your bite disrupts and absorbs the magic of your enemies.
Potions and wands cannot restore your HP.


Message History

Read which item? (? for menu, Esc to quit)
As you read the scroll of teleportation, it crumbles to dust.
You feel strangely unstable. The orc wizard completely misses you.
You hear some strange, mumbled words.
Something tries to affect you, but you resist.
The orc hits you but does no damage.
You barely miss the orc wizard.
The orc wizard is heavily wounded.
The orc wizard casts a spell at you.
You easily resist.
You hear some strange, mumbled words.
You are confused.
The orc wizard misses you. The orc barely misses you.
Ouch! You hear some strange, mumbled words.
The puff of flame hits you!
* * * LOW HITPOINT WARNING * * *
The orc wizard casts a spell at you. The magic dart hits you!
You die...

#......# #.# #......#
#.# #......# #.#
#......# #.#
..#.##......# #.##
...'........# #..#
...#.###..#.# #..#
......%...#.# #..#
............####@.#
....####.......o)o#
.o..+..........#%.#
....####..........#
.....................#
....####.#........##.#
. .........>..# #
##.#.#.......
#.#........##


You could see an orc wizard and an orc.

Vanquished Creatures
  An ogre (D:4)
  An orc priest (D:4)
  2 orc wizards (D:4)
  A hound (D:5)
  9 adders
  A worm (D:2)
  3 giant geckos
  2 oozes (D:1)
  10 orcs
  4 giant cockroaches
  13 hobgoblins
  4 jackals
  A quokka (D:4)
  A ball python (D:2)
  16 bats
  3 giant newts (D:2)
  8 goblins
  7 kobolds
  A kobold skeleton (D:4)
  14 rats
102 creatures vanquished.

Notes
Turn   | Place    | Note
--------------------------------------------------------------
     0 | D:1      | MrRokkomies, the Vine Stalker Enchanter, began the quest for the Orb.
     0 | D:1      | Reached XP level 1. HP: 9/9 MP: 3/3
   204 | D:1      | Reached skill level 1 in Short Blades
   273 | D:1      | Reached XP level 2. HP: 8/13 MP: 5/5
   277 | D:1      | Learned a level 2 spell: Ensorcelled Hibernation
   997 | D:2      | Reached XP level 3. HP: 16/16 MP: 4/7
  1309 | D:2      | Reached skill level 4 in Hexes
  1317 | D:2      | Reached XP level 4. HP: 13/21 MP: 3/8
  1718 | D:2      | Learned a level 3 spell: Confuse
  2049 | D:3      | Found a glowing golden altar of the Shining One.
  2069 | D:3      | Reached XP level 5. HP: 24/24 MP: 0/11
  2441 | D:3      | Reached skill level 5 in Hexes
  3120 | D:4      | Noticed an ogre
  3143 | D:4      | Killed an ogre
  3143 | D:4      | Gained mutation: You heal very quickly. [vine stalker growth]
  3143 | D:4      | Reached XP level 6. HP: 19/28 MP: 10/12
  3217 | D:4      | Noticed an ogre
  3304 | D:4      | Learned a level 3 spell: Dazzling Spray
  3509 | D:5      | Entered Level 5 of the Dungeon
  3626 | D:5      | Killed from afar by an orc wizard

Action                   |  1- 3 |  4- 6 || total
-------------------------+-------+-------++-------
Melee: Dagger            |    92 |   208 ||   300
Throw: Dart              |     8 |     4 ||    12
 Cast: Ensorcelled Hiber |     4 |    31 ||    35
       Confuse           |       |     2 ||     2
Evoke: Wand              |       |     4 ||     4
  Use: Scroll            |     4 |    12 ||    16
       Potion            |       |     2 ||     2
 Stab: Sleeping          |     9 |    16 ||    25
